Red Wings vs Penguins

Created - 31 décembre 2020 at 09:43

Goals
1 2 3 T
Red Wings 1 1 0 2
Penguins 0 2 1 3
Shots
1 2 3 T
Red Wings 11 14 14 39
Penguins 10 16 15 41

1st period

1. Red Wings , Oliver Bjorkstrand 6 (Mark Scheifele 13) at 13:50

Penalties :
No Penalty

2nd period

2. Penguins , Auston Matthews 11 (Tomas Tatar 11, Patric Hornqvist 9) at 10:55
3. Penguins , Michael Grabner 5 (Dmitry Orlov 3, Brian Boyle 6) at 14:44
4. Red Wings , Jeff Petry 1 (David Pastrnak 10, Mark Scheifele 14) at 19:58

Penalties :
No Penalty

3rd period

5. Penguins , Jesperi Kotkaniemi 5 (Michael Grabner 6, Brent Burns 12) at 18:33

Penalties :
No Penalty

Goalie Stats

Carter Hart (DET), 38 saves from 41 shots - (0,927), L, 5-2-1, 59:06 minutes
Tuukka Rask (PIT), 37 saves from 39 shots - (0,949), W, 10-6-0, 60:00 minutes

Players Stats for Red Wings

Player Name              G  A  P  +/- PIM S  H  SB GA TA FO     MP     PP MP  PK MP  
------------------------------------------------------------------------------------
Cam Atkinson             0  0  0   0  0   0  0  1  1  1  1/4    16:57   0:00   0:00 
Connor Brown             0  0  0  -1  0   2  1  0  0  1  1/2    17:15   0:00   0:00 
David Pastrnak           0  1  1   0  0   6  3  0  2  1  1/5    19:15   0:00   0:00 
Duncan Keith             0  0  0  -1  0   0  1  4  0  1  0/0    21:00   0:00   0:00 
Dylan DeMelo             0  0  0   1  0   1  1  2  0  1  0/0    19:20   0:00   0:00 
Jeff Petry               1  0  1  -1  0   2  2  0  0  0  0/0    19:40   0:00   0:00 
John Carlson             0  0  0  -1  0   3  1  3  0  1  0/0    21:00   0:00   0:00 
John Tavares             0  0  0   0  0   1  0  2  1  0  8/17   16:57   0:00   0:00 
Jujhar Khaira            0  0  0  -2  0   1  2  0  0  0  0/0     9:36   0:00   0:00 
Kasperi Kapanen          0  0  0   1  0   4  0  1  1  0  0/0    14:12   0:00   0:00 
Lars Eller               0  0  0   0  0   1  1  1  0  0  1/2    19:15   0:00   0:00 
Mark Scheifele           0  2  2   0  0   2  2  1  2  1  6/17   19:15   0:00   0:00 
Noel Acciari             0  0  0   1  0   2  0  1  0  0  6/10   14:19   0:00   0:00 
Oliver Bjorkstrand       1  0  1   0  0   5  2  0  0  0  0/0    14:30   0:00   0:00 
Paul Carey               0  0  0  -1  0   4  1  0  0  1  3/4     9:27   0:00   0:00 
Sami Vatanen             0  0  0   1  0   3  1  3  0  0  0/0    19:20   0:00   0:00 
Zdeno Chara              0  0  0  -1  0   0  2  4  0  1  0/0    19:40   0:00   0:00 
Zemgus Girgensons        0  0  0  -1  0   2  0  0  0  1  1/1     9:02   0:00   0:00 

Players Stats for Penguins

Player Name              G  A  P  +/- PIM S  H  SB GA TA FO     MP     PP MP  PK MP  
------------------------------------------------------------------------------------
Auston Matthews          1  0  1   1  0   2  0  0  3  0  13/25  19:14   0:00   0:00 
Brent Burns              0  1  1   1  0   2  0  1  0  2  0/0    23:44   0:00   0:00 
Brian Boyle              0  1  1   2  0   4  0  1  0  0  4/6    13:47   0:00   0:00 
Cale Makar               0  0  0   1  0   3  0  1  0  1  0/0    18:51   0:00   0:00 
Charlie Coyle            0  0  0  -1  0   1  1  1  1  0  14/22  18:29   0:00   0:00 
Dmitry Orlov             0  1  1  -1  0   3  2  1  0  0  0/0    17:34   0:00   0:00 
Jacob Larsson            0  0  0   0  0   1  0  0  0  0  0/0     7:05   0:00   0:00 
Jesperi Kotkaniemi       1  0  1   2  0   3  2  0  0  0  0/0    13:22   0:00   0:00 
Joel Armia               0  0  0  -1  0   3  1  0  1  0  1/1    19:29   0:00   0:00 
Michael Grabner          1  1  2   2  0   3  2  0  3  1  1/1    13:19   0:00   0:00 
Mikael Granlund          0  0  0  -1  0   6  0  0  0  1  0/1    18:45   0:00   0:00 
Mikkel Boedker           0  0  0   0  0   0  0  0  0  0  0/0     0:00   0:00   0:00 
Miro Heiskanen           0  0  0   0  0   2  1  1  0  1  0/0    19:10   0:00   0:00 
Patric Hornqvist         0  1  1   1  0   0  2  0  0  0  0/1    19:14   0:00   0:00 
Reid Boucher             0  0  0  -1  0   0  0  0  0  0  0/0     8:58   0:00   0:00 
Roman Polak              0  0  0  -1  0   1  0  0  0  0  0/0    18:07   0:00   0:00 
Sam Bennett              0  0  0  -1  0   2  2  0  0  0  1/5     8:58   0:00   0:00 
Tomas Tatar              0  1  1   1  0   5  3  0  2  0  0/0    19:14   0:00   0:00 
Tyler Myers              0  0  0   1  0   0  1  4  0  1  0/0    22:40   0:00   0:00 

3 Stars

1 - Michael Grabner (PIT)
2 - Tuukka Rask (PIT)
3 - Jesperi Kotkaniemi (PIT)

Power Play

Red Wings - 0 on 0 Attempt(s) - 0,00%
Penguins - 0 on 0 Attempt(s) - 0,00%

Penalty Kill

Red Wings - 0 on 0 Attempt(s) - 0,00% - Score 0 goal in Penalty Kill
Penguins - 0 on 0 Attempt(s) - 0,00% - Score 0 goal in Penalty Kill

Team Stat

Red Wings - Hits : 20 - Faceoff Wins : 28 - Blocked Shots : 23 - Penalty Minutes : 0
Penguins - Hits : 17 - Faceoff Wins : 34 - Blocked Shots : 10 - Penalty Minutes : 0

Official

Referees : Brett Roeland and Jean Hebert
Linesman : Brent Colby and Mark Shewchyk

Game Notes

No Game Note

Finance

Level 1 -- Attendance: 5755 (95,92%) -- Ticket Income 489 175 $
Level 2 -- Attendance: 5000 (100,00%) -- Ticket Income 300 000 $
Level 3 -- Attendance: 1784 (89,20%) -- Ticket Income 62 440 $
Level 4 -- Attendance: 3681 (92,03%) -- Ticket Income 73 620 $
Luxury Box -- Attendance: 897 (89,70%) -- Ticket Income 161 460 $
Game was played at the Consol Energy Center.
Total Attendance: 17117 (95,09%)
Total Ticket Income: 1 086 695 $
Other Income: 532 481 $
Total Income: 1 619 176 $

Red Wings

5 vs 5 Forward 
   Center                   Left Wing                Right Wing               Time % Phy DF OF 
 1 Mark Scheifele           David Pastrnak           Lars Eller               30     1   2  2  
 2 John Tavares             Cam Atkinson             Connor Brown             30     1   2  2  
 3 Noel Acciari             Kasperi Kapanen          Oliver Bjorkstrand       25     1   2  2  
 4 Paul Carey               Jujhar Khaira            Zemgus Girgensons        15     1   2  2  

5 vs 5 Defense 
   Defense                  Defense                                           Time % Phy DF OF 
 1 John Carlson             Duncan Keith                                      34     1   2  2  
 2 Jeff Petry               Zdeno Chara                                       33     1   2  2  
 3 Sami Vatanen             Dylan DeMelo                                      33     1   2  2  
 4 John Carlson             Duncan Keith                                      0      1   2  2  

PowerPlay Forward 
   Center                   Left Wing                Right Wing               Time % Phy DF OF 
 1 Mark Scheifele           David Pastrnak           Lars Eller               50     1   2  2  
 2 John Tavares             Cam Atkinson             Connor Brown             50     1   2  2  

PowerPlay Defense
   Defense                  Defense                                           Time % Phy DF OF 
 1 John Carlson             Duncan Keith                                      50     1   2  2  
 2 Jeff Petry               Sami Vatanen                                      50     1   2  2  

Penalty Kill 4 Players Forward 
   Center                   Wing                     Time % Phy DF OF 
 1 Lars Eller               Zemgus Girgensons        60     1   2  2  
 2 Noel Acciari             Lars Eller               40     1   2  2  

Penalty Kill 4 Players Defense
   Defense                  Defense                  Time % Phy DF OF 
 1 Sami Vatanen             Dylan DeMelo             60     1   2  2  
 2 Jeff Petry               Zdeno Chara              40     1   2  2  

Penalty Kill - 3 Players Forward 
   Forward                                           Time % Phy DF OF 
 1 Lars Eller                                        60     1   2  2  
 2 Noel Acciari                                      40     1   2  2  

Penalty Kill - 3 Players Defense
   Defense                  Defense                  Time % Phy DF OF 
 1 Sami Vatanen             Dylan DeMelo             60     1   2  2  
 2 Jeff Petry               Zdeno Chara              40     1   2  2  

4 vs 4 Forward 
   Center                   Wing                     Time % Phy DF OF 
 1 Mark Scheifele           David Pastrnak           50     1   2  2  
 2 John Tavares             Lars Eller               50     1   2  2  

4 vs 4 Defense
   Defense                  Defense                  Time % Phy DF OF 
 1 John Carlson             Sami Vatanen             50     1   2  2  
 2 Jeff Petry               Dylan DeMelo             50     1   2  2  

Last Minutes Offensive
   Center                   Left Wing                Right Wing               Defense                  Defense                  
   Mark Scheifele           David Pastrnak           Lars Eller               John Carlson             Duncan Keith             

Last Minutes Defensive
   Center                   Left Wing                Right Wing               Defense                  Defense                  
   Mark Scheifele           David Pastrnak           Lars Eller               John Carlson             Duncan Keith             

Goaltenders
Starting : Carter Hart              
Backup : Marc-Andre Fleury        

Extra Forwards
Normal : Paul Carey, Kasperi Kapanen, Oliver Bjorkstrand - PP : Paul Carey, Kasperi Kapanen - PK : Oliver Bjorkstrand
Extra Defensemen
Normal : Sami Vatanen, Dylan DeMelo, Jeff Petry - PP : Sami Vatanen - PK : Dylan DeMelo, Jeff Petry
Penalty Shots
Mark Scheifele, David Pastrnak, John Tavares, Lars Eller, Cam Atkinson
Custom OT Lines Forwards
Mark Scheifele, David Pastrnak, John Tavares, Lars Eller, Cam Atkinson, Connor Brown, Kasperi Kapanen, Oliver Bjorkstrand, Noel Acciari, Zemgus Girgensons
Custom OT Lines Defensemen
John Carlson, Duncan Keith, Jeff Petry, Zdeno Chara, Sami Vatanen

Scratches
Nick Bonino (Broken Right Foot Toe Injury)

Penguins

5 vs 5 Forward 
   Center                   Left Wing                Right Wing               Time % Phy DF OF 
 1 Auston Matthews          Tomas Tatar              Patric Hornqvist         35     1   0  4  
 2 Charlie Coyle            Mikael Granlund          Joel Armia               33     1   2  2  
 3 Brian Boyle              Jesperi Kotkaniemi       Michael Grabner          20     1   2  2  
 4 Sam Bennett              Reid Boucher             Brent Burns              12     1   2  2  

5 vs 5 Defense 
   Defense                  Defense                                           Time % Phy DF OF 
 1 Brent Burns              Tyler Myers                                       30     1   4  0  
 2 Miro Heiskanen           Cale Makar                                        30     1   4  0  
 3 Roman Polak              Dmitry Orlov                                      30     1   4  0  
 4 Jacob Larsson            Tyler Myers                                       10     1   4  0  

PowerPlay Forward 
   Center                   Left Wing                Right Wing               Time % Phy DF OF 
 1 Auston Matthews          Tomas Tatar              Patric Hornqvist         60     1   2  2  
 2 Charlie Coyle            Mikael Granlund          Joel Armia               40     1   2  2  

PowerPlay Defense
   Defense                  Defense                                           Time % Phy DF OF 
 1 Brent Burns              Cale Makar                                        60     1   2  2  
 2 Miro Heiskanen           Dmitry Orlov                                      40     1   2  2  

Penalty Kill 4 Players Forward 
   Center                   Wing                     Time % Phy DF OF 
 1 Brian Boyle              Joel Armia               60     1   4  0  
 2 Mikael Granlund          Michael Grabner          40     1   2  2  

Penalty Kill 4 Players Defense
   Defense                  Defense                  Time % Phy DF OF 
 1 Roman Polak              Tyler Myers              60     1   4  0  
 2 Brent Burns              Dmitry Orlov             40     1   4  0  

Penalty Kill - 3 Players Forward 
   Forward                                           Time % Phy DF OF 
 1 Brian Boyle                                       60     1   2  2  
 2 Michael Grabner                                   40     1   2  2  

Penalty Kill - 3 Players Defense
   Defense                  Defense                  Time % Phy DF OF 
 1 Roman Polak              Tyler Myers              60     1   2  2  
 2 Miro Heiskanen           Dmitry Orlov             40     1   2  2  

4 vs 4 Forward 
   Center                   Wing                     Time % Phy DF OF 
 1 Auston Matthews          Tomas Tatar              60     1   2  2  
 2 Charlie Coyle            Patric Hornqvist         40     1   2  2  

4 vs 4 Defense
   Defense                  Defense                  Time % Phy DF OF 
 1 Brent Burns              Cale Makar               60     1   2  2  
 2 Miro Heiskanen           Dmitry Orlov             40     1   2  2  

Last Minutes Offensive
   Center                   Left Wing                Right Wing               Defense                  Defense                  
   Auston Matthews          Tomas Tatar              Patric Hornqvist         Brent Burns              Cale Makar               

Last Minutes Defensive
   Center                   Left Wing                Right Wing               Defense                  Defense                  
   Brian Boyle              Michael Grabner          Joel Armia               Brent Burns              Roman Polak              

Goaltenders
Starting : Tuukka Rask              
Backup : Jack Campbell            

Extra Forwards
Normal : Jesperi Kotkaniemi, Brian Boyle, Michael Grabner - PP : Jesperi Kotkaniemi, Brian Boyle - PK : Michael Grabner
Extra Defensemen
Normal : Roman Polak, Cale Makar, Jacob Larsson - PP : Roman Polak - PK : Cale Makar, Jacob Larsson
Penalty Shots
Brent Burns, Auston Matthews, Tomas Tatar, Patric Hornqvist, Charlie Coyle
Custom OT Lines Forwards
Auston Matthews, Patric Hornqvist, Tomas Tatar, Mikael Granlund, Charlie Coyle, Reid Boucher, Joel Armia, Jesperi Kotkaniemi, Brian Boyle, Michael Grabner
Custom OT Lines Defensemen
Brent Burns, Cale Makar, Miro Heiskanen, Jacob Larsson, Roman Polak

Scratches
Markus Granlund (Healthy), Tim Schaller (Separated Right Shoulder Injury)

% Time on Ice - Red Wings

Lines # - Real PCT - Wanted PCT - Time Play
Normal Forward
1 - 31% - 30% - 18:04
2 - 30% - 30% - 17:51
3 - 24% - 25% - 13:52
4 - 15% - 15% - 9:02
Normal Defense
1 - 34% - 34% - 19:55
2 - 33% - 33% - 19:40
3 - 32% - 33% - 19:06
4 - 0% - 0% - 0:08
PP Forward
1 - 0% - 50%
2 - 0% - 50%
PP Defense
1 - 0% - 50%
2 - 0% - 50%
PK Forward
1 - 0% - 60%
2 - 0% - 40%
PK Defense
1 - 0% - 60%
2 - 0% - 40%
PK3 Forward
1 - 0% - 60%
2 - 0% - 40%
PK3 Defense
1 - 0% - 60%
2 - 0% - 40%
44 Forward
1 - 0% - 50%
2 - 0% - 50%
44 Defense
1 - 0% - 50%
2 - 0% - 50%
Last Minute Offensive  - 1:11
Last Minute Defensive  - 0:00
Total
Forward - 60:00
Defense - 60:00

% Time on Ice - Penguins

Lines # - Real PCT - Wanted PCT - Time Play
Normal Forward
1 - 33% - 35% - 19:14
2 - 32% - 33% - 18:36
3 - 21% - 20% - 12:12
4 - 15% - 12% - 8:58
Normal Defense
1 - 26% - 30% - 15:33
2 - 32% - 30% - 18:48
3 - 30% - 30% - 17:34
4 - 12% - 10% - 7:05
PP Forward
1 - 0% - 60%
2 - 0% - 40%
PP Defense
1 - 0% - 60%
2 - 0% - 40%
PK Forward
1 - 0% - 60%
2 - 0% - 40%
PK Defense
1 - 0% - 60%
2 - 0% - 40%
PK3 Forward
1 - 0% - 60%
2 - 0% - 40%
PK3 Defense
1 - 0% - 60%
2 - 0% - 40%
44 Forward
1 - 0% - 60%
2 - 0% - 40%
44 Defense
1 - 0% - 60%
2 - 0% - 40%
Last Minute Offensive  - 0:00
Last Minute Defensive  - 1:00
Total
Forward - 60:00
Defense - 60:00

Play-by-Play

1st period


0:01 of 1st period - Mark Scheifele wins face-off versus Auston Matthews in neutral zone.
0:12 of 1st period - Wrist shot by Mark Scheifele.
0:12 of 1st period - Deflect By David Pastrnak.
0:12 of 1st period - Stopped by Tuukka Rask with a rebound.
0:25 of 1st period - Icing by Joel Armia.
0:26 of 1st period - John Tavares wins face-off versus Charlie Coyle in Penguins zone.
0:58 of 1st period - Slapshot by Cale Makar.
0:58 of 1st period - Shot Misses the Net.
1:04 of 1st period - Wrist shot by Oliver Bjorkstrand.
1:04 of 1st period - Stopped by Tuukka Rask with a rebound.
1:42 of 1st period - Snap shot by Paul Carey.
1:42 of 1st period - Shot Blocked by Brent Burns.
1:44 of 1st period - Wrist shot by Dylan DeMelo.
1:44 of 1st period - Stopped by Tuukka Rask with a rebound.
1:46 of 1st period - Wrist shot by Sami Vatanen.
1:46 of 1st period - Stopped by Tuukka Rask without a rebound.
1:47 of 1st period - Noel Acciari wins face-off versus Charlie Coyle in Penguins zone.
2:00 of 1st period - Backhand shot by John Carlson.
2:00 of 1st period - Deflect By Oliver Bjorkstrand.
2:00 of 1st period - Shot Misses the Net.
2:00 of 1st period - Puck is out of play.
2:01 of 1st period - Auston Matthews wins face-off versus John Tavares in Penguins zone.
2:14 of 1st period - Wrist shot by Auston Matthews.
2:14 of 1st period - Stopped by Carter Hart with a rebound.
2:50 of 1st period - Tyler Myers is hit by Dylan DeMelo and loses puck.
3:13 of 1st period - Sam Bennett is hit by Jujhar Khaira and loses puck.
3:20 of 1st period - Snap shot by Reid Boucher.
3:20 of 1st period - Shot Misses the Net.
3:56 of 1st period - Slapshot by Mikael Granlund.
3:56 of 1st period - Shot Misses the Net.
3:58 of 1st period - Slapshot by Dmitry Orlov.
3:58 of 1st period - Shot Blocked by Zdeno Chara.
4:16 of 1st period - Slapshot by Kasperi Kapanen.
4:16 of 1st period - Shot Misses the Net.
4:18 of 1st period - Snap shot by Noel Acciari.
4:18 of 1st period - Stopped by Tuukka Rask without a rebound.
4:19 of 1st period - Auston Matthews wins face-off versus Noel Acciari in Penguins zone.
4:42 of 1st period - Snap shot by Oliver Bjorkstrand.
4:42 of 1st period - Stopped by Tuukka Rask with a rebound.
4:44 of 1st period - Snap shot by Noel Acciari.
4:44 of 1st period - Stopped by Tuukka Rask without a rebound.
4:45 of 1st period - Charlie Coyle wins face-off versus John Tavares in Penguins zone.
6:06 of 1st period - Slapshot by Kasperi Kapanen.
6:06 of 1st period - Stopped by Tuukka Rask with a rebound.
6:46 of 1st period - Wrist shot by Mark Scheifele.
6:46 of 1st period - Deflect By David Pastrnak.
6:46 of 1st period - Shot Misses the Net.
6:46 of 1st period - Puck is out of play.
6:47 of 1st period - John Tavares wins face-off versus Charlie Coyle in Penguins zone.
6:58 of 1st period - Wrist shot by John Tavares.
6:58 of 1st period - Deflect By Cam Atkinson.
6:58 of 1st period - Shot Misses the Net.
6:58 of 1st period - Puck is out of play.
6:59 of 1st period - Mark Scheifele wins face-off versus Auston Matthews in Penguins zone.
7:00 of 1st period - Slapshot by David Pastrnak.
7:00 of 1st period - Deflect By Mark Scheifele.
7:00 of 1st period - Shot Misses the Net.
7:00 of 1st period - Puck is out of play.
7:01 of 1st period - Auston Matthews wins face-off versus David Pastrnak in Penguins zone.
7:50 of 1st period - Kasperi Kapanen is hit by Miro Heiskanen and loses puck.
8:35 of 1st period - Off-side.
8:36 of 1st period - John Tavares wins face-off versus Sam Bennett in neutral zone.
8:41 of 1st period - Slapshot by Reid Boucher.
8:41 of 1st period - Shot Misses the Net.
8:43 of 1st period - Slapshot by Dmitry Orlov.
8:43 of 1st period - Stopped by Carter Hart with a rebound.
8:49 of 1st period - Slapshot by Sam Bennett.
8:49 of 1st period - Stopped by Carter Hart with a rebound.
9:01 of 1st period - Roman Polak is hit by Jeff Petry and loses puck.
9:28 of 1st period - Slapshot by Mikael Granlund.
9:28 of 1st period - Stopped by Carter Hart with a rebound.
9:30 of 1st period - Wrist shot by Dmitry Orlov.
9:30 of 1st period - Shot Misses the Net.
9:32 of 1st period - Backhand shot by Roman Polak.
9:32 of 1st period - Shot Blocked by Noel Acciari.
9:47 of 1st period - Off-side.
9:48 of 1st period - Paul Carey wins face-off versus Brian Boyle in neutral zone.
10:13 of 1st period - John Tavares is hit by Patric Hornqvist and loses puck.
10:57 of 1st period - Off-side.
10:58 of 1st period - Michael Grabner wins face-off versus Noel Acciari in neutral zone.
11:03 of 1st period - Snap shot by Kasperi Kapanen.
11:03 of 1st period - Stopped by Tuukka Rask with a rebound.
12:06 of 1st period - Off-side.
12:07 of 1st period - Auston Matthews wins face-off versus Cam Atkinson in neutral zone.
12:10 of 1st period - John Tavares is hit by Patric Hornqvist and loses puck.
12:39 of 1st period - Wrist shot by Joel Armia.
12:39 of 1st period - Stopped by Carter Hart without a rebound.
12:40 of 1st period - Joel Armia wins face-off versus Mark Scheifele in Red Wings zone.
12:41 of 1st period - Slapshot by Mikael Granlund.
12:41 of 1st period - Stopped by Carter Hart with a rebound.
12:43 of 1st period - Snap shot by Mikael Granlund.
12:43 of 1st period - Stopped by Carter Hart with a rebound.
13:50 of 1st period - Wrist shot by Oliver Bjorkstrand.
13:50 of 1st period - Goal by Oliver Bjorkstrand - Red Wings : 1 - Penguins : 0.
13:51 of 1st period - Charlie Coyle wins face-off versus Cam Atkinson in neutral zone.
14:57 of 1st period - Snap shot by Mikael Granlund.
14:57 of 1st period - Shot Misses the Net.
14:59 of 1st period - Slapshot by Tyler Myers.
14:59 of 1st period - Shot Blocked by John Carlson.
15:01 of 1st period - Snap shot by Mikael Granlund.
15:01 of 1st period - Shot Blocked by John Carlson.
15:03 of 1st period - Slapshot by Joel Armia.
15:03 of 1st period - Shot Blocked by Duncan Keith.
15:05 of 1st period - Wrist shot by Joel Armia.
15:05 of 1st period - Shot Blocked by Duncan Keith.
15:07 of 1st period - Wrist shot by Mikael Granlund.
15:07 of 1st period - Shot Blocked by John Carlson.
15:09 of 1st period - Slapshot by Charlie Coyle.
15:09 of 1st period - Shot Blocked by Duncan Keith.
15:11 of 1st period - Slapshot by Brent Burns.
15:11 of 1st period - Shot Misses the Net.
15:13 of 1st period - Slapshot by Brent Burns.
15:13 of 1st period - Stopped by Carter Hart without a rebound.
15:14 of 1st period - Auston Matthews wins face-off versus Lars Eller in Red Wings zone.
17:09 of 1st period - Snap shot by Sam Bennett.
17:09 of 1st period - Stopped by Carter Hart without a rebound.
17:10 of 1st period - Auston Matthews wins face-off versus David Pastrnak in Red Wings zone.
17:23 of 1st period - Snap shot by Tomas Tatar.
17:23 of 1st period - Shot Blocked by Zdeno Chara.
17:25 of 1st period - Snap shot by Tomas Tatar.
17:25 of 1st period - Shot Hit the Post.
17:37 of 1st period - Tyler Myers is hit by Jeff Petry and loses puck.
17:44 of 1st period - Snap shot by Charlie Coyle.
17:44 of 1st period - Stopped by Carter Hart with a rebound.
18:23 of 1st period - Snap shot by Paul Carey.
18:23 of 1st period - Stopped by Tuukka Rask without a rebound.
18:24 of 1st period - David Pastrnak wins face-off versus Sam Bennett in Penguins zone.
19:39 of 1st period - Dmitry Orlov is hit by Jujhar Khaira and loses puck.
19:56 of 1st period - Lars Eller is hit by Joel Armia and loses puck.
Goals for this period are 1 for Red Wings vs 0 for Penguins.
Shots for this period are 11 for Red Wings vs 10 for Penguins.

2nd period


0:01 of 2nd period - Auston Matthews wins face-off versus Mark Scheifele in neutral zone.
0:08 of 2nd period - Lars Eller is hit by Tomas Tatar and loses puck.
0:27 of 2nd period - Charlie Coyle is hit by Sami Vatanen and loses puck.
1:13 of 2nd period - Wrist shot by Brian Boyle.
1:13 of 2nd period - Shot Misses the Net.
1:15 of 2nd period - Slapshot by Brian Boyle.
1:15 of 2nd period - Shot Misses the Net.
1:17 of 2nd period - Slapshot by Cale Makar.
1:17 of 2nd period - Shot Blocked by Sami Vatanen.
1:19 of 2nd period - Slapshot by Brian Boyle.
1:19 of 2nd period - Stopped by Carter Hart with a rebound.
1:23 of 2nd period - Wrist shot by Michael Grabner.
1:23 of 2nd period - Stopped by Carter Hart without a rebound.
1:24 of 2nd period - Mark Scheifele wins face-off versus Auston Matthews in Red Wings zone.
1:35 of 2nd period - Auston Matthews is hit by Zdeno Chara and loses puck.
1:53 of 2nd period - Icing by Tyler Myers.
1:54 of 2nd period - Charlie Coyle wins face-off versus Connor Brown in Penguins zone.
2:03 of 2nd period - Snap shot by Joel Armia.
2:03 of 2nd period - Shot Misses the Net.
2:05 of 2nd period - Wrist shot by Charlie Coyle.
2:05 of 2nd period - Shot Misses the Net.
2:07 of 2nd period - Wrist shot by Joel Armia.
2:07 of 2nd period - Shot Misses the Net.
2:09 of 2nd period - Wrist shot by Brent Burns.
2:09 of 2nd period - Stopped by Carter Hart without a rebound.
2:10 of 2nd period - Mark Scheifele wins face-off versus Auston Matthews in Red Wings zone.
3:42 of 2nd period - Slapshot by Patric Hornqvist.
3:42 of 2nd period - Shot Blocked by Lars Eller.
3:44 of 2nd period - Slapshot by Tomas Tatar.
3:44 of 2nd period - Shot Blocked by Dylan DeMelo.
3:46 of 2nd period - Snap shot by Roman Polak.
3:46 of 2nd period - Stopped by Carter Hart without a rebound.
3:47 of 2nd period - Auston Matthews wins face-off versus David Pastrnak in Red Wings zone.
3:58 of 2nd period - Patric Hornqvist is hit by Zdeno Chara and loses puck.
4:27 of 2nd period - Snap shot by Mark Scheifele.
4:27 of 2nd period - Stopped by Tuukka Rask without a rebound.
4:28 of 2nd period - Charlie Coyle wins face-off versus John Tavares in Penguins zone.
4:42 of 2nd period - Snap shot by Mikael Granlund.
4:42 of 2nd period - Stopped by Carter Hart without a rebound.
4:43 of 2nd period - Noel Acciari wins face-off versus Sam Bennett in Red Wings zone.
5:19 of 2nd period - Backhand shot by Auston Matthews.
5:19 of 2nd period - Shot Misses the Net.
6:43 of 2nd period - Snap shot by Oliver Bjorkstrand.
6:43 of 2nd period - Stopped by Tuukka Rask with a rebound.
6:45 of 2nd period - Snap shot by Noel Acciari.
6:45 of 2nd period - Shot Hit the Post.
6:47 of 2nd period - Wrist shot by Kasperi Kapanen.
6:47 of 2nd period - Shot Misses the Net.
7:01 of 2nd period - Wrist shot by Zemgus Girgensons.
7:01 of 2nd period - Shot Blocked by Tyler Myers.
7:03 of 2nd period - Snap shot by Paul Carey.
7:03 of 2nd period - Shot Misses the Net.
8:11 of 2nd period - Snap shot by Mikael Granlund.
8:11 of 2nd period - Stopped by Carter Hart with a rebound.
8:13 of 2nd period - Snap shot by Joel Armia.
8:13 of 2nd period - Shot Misses the Net.
8:15 of 2nd period - Slapshot by Joel Armia.
8:15 of 2nd period - Shot Blocked by Sami Vatanen.
8:17 of 2nd period - Slapshot by Jacob Larsson.
8:17 of 2nd period - Stopped by Carter Hart without a rebound.
8:18 of 2nd period - Auston Matthews wins face-off versus Paul Carey in Red Wings zone.
8:31 of 2nd period - Slapshot by John Carlson.
8:31 of 2nd period - Shot Blocked by Dmitry Orlov.
9:05 of 2nd period - Mark Scheifele is hit by Sam Bennett and loses puck.
9:26 of 2nd period - Snap shot by Brian Boyle.
9:26 of 2nd period - Stopped by Carter Hart with a rebound.
9:40 of 2nd period - Noel Acciari is hit by Jesperi Kotkaniemi and loses puck.
10:20 of 2nd period - Wrist shot by Mikael Granlund.
10:20 of 2nd period - Shot Blocked by Zdeno Chara.
10:37 of 2nd period - Snap shot by David Pastrnak.
10:37 of 2nd period - Shot Blocked by Miro Heiskanen.
10:55 of 2nd period - Snap shot by Auston Matthews.
10:55 of 2nd period - Goal by Auston Matthews - Red Wings : 1 - Penguins : 1.
10:56 of 2nd period - John Tavares wins face-off versus Charlie Coyle in neutral zone.
11:01 of 2nd period - Slapshot by Connor Brown.
11:01 of 2nd period - Stopped by Tuukka Rask without a rebound.
11:02 of 2nd period - Charlie Coyle wins face-off versus John Tavares in Penguins zone.
11:39 of 2nd period - Snap shot by Connor Brown.
11:39 of 2nd period - Shot Misses the Net.
11:41 of 2nd period - Slapshot by Connor Brown.
11:41 of 2nd period - Stopped by Tuukka Rask without a rebound.
11:42 of 2nd period - Lars Eller wins face-off versus Auston Matthews in Penguins zone.
11:47 of 2nd period - Snap shot by David Pastrnak.
11:47 of 2nd period - Stopped by Tuukka Rask with a rebound.
11:49 of 2nd period - Slapshot by Sami Vatanen.
11:49 of 2nd period - Stopped by Tuukka Rask without a rebound.
11:50 of 2nd period - Auston Matthews wins face-off versus Mark Scheifele in Penguins zone.
11:50 of 2nd period - Auston Matthews is hit by Mark Scheifele.
12:16 of 2nd period - Lars Eller is hit by Tyler Myers and loses puck.
12:27 of 2nd period - Slapshot by David Pastrnak.
12:27 of 2nd period - Stopped by Tuukka Rask with a rebound.
12:31 of 2nd period - Wrist shot by Lars Eller.
12:31 of 2nd period - Stopped by Tuukka Rask without a rebound.
12:32 of 2nd period - Noel Acciari wins face-off versus Charlie Coyle in Penguins zone.
12:41 of 2nd period - Slapshot by Kasperi Kapanen.
12:41 of 2nd period - Stopped by Tuukka Rask without a rebound.
12:42 of 2nd period - Charlie Coyle wins face-off versus Noel Acciari in Penguins zone.
12:49 of 2nd period - Slapshot by Cale Makar.
12:49 of 2nd period - Shot Blocked by Duncan Keith.
12:57 of 2nd period - Charlie Coyle is hit by John Carlson.
13:08 of 2nd period - Slapshot by John Carlson.
13:08 of 2nd period - Stopped by Tuukka Rask without a rebound.
13:09 of 2nd period - Auston Matthews wins face-off versus John Tavares in Penguins zone.
13:41 of 2nd period - Backhand shot by Brent Burns.
13:41 of 2nd period - Shot Blocked by Mark Scheifele.
13:43 of 2nd period - Slapshot by Brian Boyle.
13:43 of 2nd period - Stopped by Carter Hart without a rebound.
13:44 of 2nd period - Noel Acciari wins face-off versus Charlie Coyle in Red Wings zone.
13:51 of 2nd period - Wrist shot by Oliver Bjorkstrand.
13:51 of 2nd period - Shot Blocked by Charlie Coyle.
14:10 of 2nd period - Cam Atkinson is hit by Tomas Tatar and loses puck.
14:31 of 2nd period - Zemgus Girgensons is hit by Jesperi Kotkaniemi and loses puck.
14:36 of 2nd period - Wrist shot by Michael Grabner.
14:36 of 2nd period - Shot Misses the Net.
14:38 of 2nd period - Snap shot by Brian Boyle.
14:38 of 2nd period - Shot Misses the Net.
14:40 of 2nd period - Slapshot by Dmitry Orlov.
14:40 of 2nd period - Shot Misses the Net.
14:42 of 2nd period - Slapshot by Dmitry Orlov.
14:42 of 2nd period - Stopped by Carter Hart with a rebound.
14:44 of 2nd period - Slapshot by Michael Grabner.
14:44 of 2nd period - Goal by Michael Grabner - Red Wings : 1 - Penguins : 2.
14:45 of 2nd period - Connor Brown wins face-off versus Auston Matthews in neutral zone.
14:50 of 2nd period - Snap shot by Tomas Tatar.
14:50 of 2nd period - Shot Misses the Net.
15:00 of 2nd period - Slapshot by John Tavares.
15:00 of 2nd period - Shot Misses the Net.
15:02 of 2nd period - Slapshot by Jeff Petry.
15:02 of 2nd period - Deflect By Brent Burns.
15:02 of 2nd period - Stopped by Tuukka Rask without a rebound.
15:03 of 2nd period - Charlie Coyle wins face-off versus Mark Scheifele in Penguins zone.
15:08 of 2nd period - Lars Eller is hit by Charlie Coyle and loses puck.
15:17 of 2nd period - Snap shot by David Pastrnak.
15:17 of 2nd period - Stopped by Tuukka Rask without a rebound.
15:18 of 2nd period - Noel Acciari wins face-off versus Auston Matthews in Penguins zone.
15:32 of 2nd period - Slapshot by Sami Vatanen.
15:32 of 2nd period - Shot Blocked by Tyler Myers.
15:34 of 2nd period - Snap shot by Kasperi Kapanen.
15:34 of 2nd period - Deflect By Tomas Tatar.
15:34 of 2nd period - Stopped by Tuukka Rask without a rebound.
15:35 of 2nd period - Charlie Coyle wins face-off versus John Tavares in Penguins zone.
15:44 of 2nd period - Slapshot by Cale Makar.
15:44 of 2nd period - Stopped by Carter Hart with a rebound.
16:29 of 2nd period - Wrist shot by Jesperi Kotkaniemi.
16:29 of 2nd period - Stopped by Carter Hart with a rebound.
16:31 of 2nd period - Wrist shot by Jesperi Kotkaniemi.
16:31 of 2nd period - Stopped by Carter Hart without a rebound.
16:32 of 2nd period - John Tavares wins face-off versus Charlie Coyle in Red Wings zone.
17:05 of 2nd period - Snap shot by Brian Boyle.
17:05 of 2nd period - Stopped by Carter Hart without a rebound.
17:06 of 2nd period - Brian Boyle wins face-off versus Mark Scheifele in Red Wings zone.
17:31 of 2nd period - Wrist shot by Michael Grabner.
17:31 of 2nd period - Deflect By Sami Vatanen.
17:31 of 2nd period - Shot Misses the Net.
17:31 of 2nd period - Puck is out of play.
17:32 of 2nd period - Noel Acciari wins face-off versus Auston Matthews in Red Wings zone.
17:45 of 2nd period - Cale Makar is hit by Duncan Keith and loses puck.
17:58 of 2nd period - Charlie Coyle is hit by Oliver Bjorkstrand and loses puck.
18:59 of 2nd period - Snap shot by Jesperi Kotkaniemi.
18:59 of 2nd period - Shot Misses the Net.
19:40 of 2nd period - Wrist shot by David Pastrnak.
19:40 of 2nd period - Shot Misses the Net.
19:56 of 2nd period - Snap shot by David Pastrnak.
19:56 of 2nd period - Shot Misses the Net.
19:58 of 2nd period - Snap shot by Jeff Petry.
19:58 of 2nd period - Goal by Jeff Petry - Red Wings : 2 - Penguins : 2.
19:59 of 2nd period - Cam Atkinson wins face-off versus Auston Matthews in neutral zone.
Goals for this period are 1 for Red Wings vs 2 for Penguins.
Shots for this period are 14 for Red Wings vs 16 for Penguins.

3rd period


0:01 of 3rd period - John Tavares wins face-off versus Auston Matthews in neutral zone.
0:33 of 3rd period - Snap shot by Auston Matthews.
0:33 of 3rd period - Shot Misses the Net.
0:35 of 3rd period - Snap shot by Tomas Tatar.
0:35 of 3rd period - Stopped by Carter Hart with a rebound.
0:37 of 3rd period - Slapshot by Miro Heiskanen.
0:37 of 3rd period - Shot Misses the Net.
0:39 of 3rd period - Slapshot by Cale Makar.
0:39 of 3rd period - Shot Blocked by Zdeno Chara.
0:41 of 3rd period - Slapshot by Miro Heiskanen.
0:41 of 3rd period - Shot Misses the Net.
0:43 of 3rd period - Slapshot by Cale Makar.
0:43 of 3rd period - Stopped by Carter Hart with a rebound.
0:45 of 3rd period - Snap shot by Patric Hornqvist.
0:45 of 3rd period - Shot Misses the Net.
0:47 of 3rd period - Wrist shot by Auston Matthews.
0:47 of 3rd period - Shot Misses the Net.
0:49 of 3rd period - Slapshot by Tomas Tatar.
0:49 of 3rd period - Stopped by Carter Hart without a rebound.
0:50 of 3rd period - John Tavares wins face-off versus Mikael Granlund in Red Wings zone.
1:23 of 3rd period - Jeff Petry is hit by Michael Grabner and loses puck.
1:58 of 3rd period - Wrist shot by Mikael Granlund.
1:58 of 3rd period - Stopped by Carter Hart without a rebound.
1:59 of 3rd period - Charlie Coyle wins face-off versus Cam Atkinson in Red Wings zone.
2:35 of 3rd period - Slapshot by Tomas Tatar.
2:35 of 3rd period - Stopped by Carter Hart without a rebound.
2:36 of 3rd period - Mark Scheifele wins face-off versus Charlie Coyle in Red Wings zone.
3:22 of 3rd period - Icing by John Tavares.
3:23 of 3rd period - Zemgus Girgensons wins face-off versus Patric Hornqvist in Red Wings zone.
4:59 of 3rd period - Snap shot by Cale Makar.
4:59 of 3rd period - Stopped by Carter Hart without a rebound.
5:00 of 3rd period - Sam Bennett wins face-off versus David Pastrnak in Red Wings zone.
5:11 of 3rd period - Sam Bennett is hit by David Pastrnak and loses puck.
5:36 of 3rd period - Backhand shot by John Carlson.
5:36 of 3rd period - Shot Misses the Net.
5:38 of 3rd period - Wrist shot by Paul Carey.
5:38 of 3rd period - Stopped by Tuukka Rask with a rebound.
5:48 of 3rd period - Slapshot by Cale Makar.
5:48 of 3rd period - Shot Blocked by Kasperi Kapanen.
6:15 of 3rd period - Wrist shot by Tomas Tatar.
6:15 of 3rd period - Shot Blocked by John Tavares.
6:17 of 3rd period - Snap shot by Miro Heiskanen.
6:17 of 3rd period - Stopped by Carter Hart with a rebound.
6:47 of 3rd period - Wrist shot by Tomas Tatar.
6:47 of 3rd period - Stopped by Carter Hart with a rebound.
6:49 of 3rd period - Slapshot by Miro Heiskanen.
6:49 of 3rd period - Stopped by Carter Hart with a rebound.
6:51 of 3rd period - Slapshot by Cale Makar.
6:51 of 3rd period - Shot Misses the Net.
6:59 of 3rd period - Slapshot by Tomas Tatar.
6:59 of 3rd period - Stopped by Carter Hart without a rebound.
7:00 of 3rd period - Charlie Coyle wins face-off versus Mark Scheifele in Red Wings zone.
7:10 of 3rd period - Icing by Brent Burns.
7:11 of 3rd period - Charlie Coyle wins face-off versus Mark Scheifele in Penguins zone.
7:22 of 3rd period - Wrist shot by David Pastrnak.
7:22 of 3rd period - Shot Blocked by Tyler Myers.
7:46 of 3rd period - Wrist shot by Michael Grabner.
7:46 of 3rd period - Shot Misses the Net.
8:04 of 3rd period - Wrist shot by John Carlson.
8:04 of 3rd period - Deflect By Zemgus Girgensons.
8:04 of 3rd period - Shot Misses the Net.
8:04 of 3rd period - Puck is out of play.
8:05 of 3rd period - Paul Carey wins face-off versus Sam Bennett in Penguins zone.
8:06 of 3rd period - Slapshot by Sami Vatanen.
8:06 of 3rd period - Stopped by Tuukka Rask with a rebound.
8:08 of 3rd period - Slapshot by Dylan DeMelo.
8:08 of 3rd period - Shot Misses the Net.
8:10 of 3rd period - Snap shot by Jujhar Khaira.
8:10 of 3rd period - Stopped by Tuukka Rask with a rebound.
8:12 of 3rd period - Wrist shot by Paul Carey.
8:12 of 3rd period - Shot Misses the Net.
8:14 of 3rd period - Slapshot by Paul Carey.
8:14 of 3rd period - Stopped by Tuukka Rask with a rebound.
8:16 of 3rd period - Slapshot by Paul Carey.
8:16 of 3rd period - Stopped by Tuukka Rask with a rebound.
8:30 of 3rd period - Lars Eller is hit by Tomas Tatar and loses puck.
9:32 of 3rd period - Zemgus Girgensons is hit by Dmitry Orlov and loses puck.
9:41 of 3rd period - Wrist shot by Jeff Petry.
9:41 of 3rd period - Deflect By Zemgus Girgensons.
9:41 of 3rd period - Stopped by Tuukka Rask with a rebound.
9:57 of 3rd period - Snap shot by Tomas Tatar.
9:57 of 3rd period - Shot Misses the Net.
9:59 of 3rd period - Slapshot by Dmitry Orlov.
9:59 of 3rd period - Stopped by Carter Hart without a rebound.
10:00 of 3rd period - Mark Scheifele wins face-off versus Auston Matthews in Red Wings zone.
10:16 of 3rd period - Off-side.
10:17 of 3rd period - Charlie Coyle wins face-off versus John Tavares in neutral zone.
10:22 of 3rd period - Slapshot by Charlie Coyle.
10:22 of 3rd period - Shot Blocked by Cam Atkinson.
10:24 of 3rd period - Wrist shot by Mikael Granlund.
10:24 of 3rd period - Deflect By Joel Armia.
10:24 of 3rd period - Shot Blocked by Dylan DeMelo.
10:24 of 3rd period - Puck is out of play.
10:25 of 3rd period - Charlie Coyle wins face-off versus John Tavares in Red Wings zone.
10:28 of 3rd period - Slapshot by Charlie Coyle.
10:28 of 3rd period - Shot Misses the Net.
10:30 of 3rd period - Wrist shot by Joel Armia.
10:30 of 3rd period - Shot Blocked by Sami Vatanen.
10:32 of 3rd period - Snap shot by Mikael Granlund.
10:32 of 3rd period - Shot Blocked by John Tavares.
10:34 of 3rd period - Wrist shot by Joel Armia.
10:34 of 3rd period - Stopped by Carter Hart without a rebound.
10:35 of 3rd period - Auston Matthews wins face-off versus Mark Scheifele in Red Wings zone.
11:10 of 3rd period - Wrist shot by Kasperi Kapanen.
11:10 of 3rd period - Shot Misses the Net.
11:12 of 3rd period - Backhand shot by Duncan Keith.
11:12 of 3rd period - Deflect By Oliver Bjorkstrand.
11:12 of 3rd period - Stopped by Tuukka Rask without a rebound.
11:13 of 3rd period - Auston Matthews wins face-off versus John Tavares in Penguins zone.
11:40 of 3rd period - Dmitry Orlov is hit by David Pastrnak.
12:21 of 3rd period - Wrist shot by Zemgus Girgensons.
12:21 of 3rd period - Deflect By Brian Boyle.
12:21 of 3rd period - Stopped by Tuukka Rask without a rebound.
12:22 of 3rd period - Paul Carey wins face-off versus Auston Matthews in Penguins zone.
12:49 of 3rd period - Slapshot by Mark Scheifele.
12:49 of 3rd period - Deflect By David Pastrnak.
12:49 of 3rd period - Stopped by Tuukka Rask without a rebound.
12:50 of 3rd period - Charlie Coyle wins face-off versus Mark Scheifele in Penguins zone.
12:57 of 3rd period - Wrist shot by Charlie Coyle.
12:57 of 3rd period - Deflect By Joel Armia.
12:57 of 3rd period - Stopped by Carter Hart with a rebound.
13:15 of 3rd period - Lars Eller is hit by Sam Bennett and loses puck.
13:32 of 3rd period - Slapshot by Mark Scheifele.
13:32 of 3rd period - Stopped by Tuukka Rask with a rebound.
14:04 of 3rd period - Cale Makar is hit by Mark Scheifele and loses puck.
14:17 of 3rd period - Snap shot by David Pastrnak.
14:17 of 3rd period - Shot Misses the Net.
15:01 of 3rd period - Slapshot by Mark Scheifele.
15:01 of 3rd period - Shot Blocked by Cale Makar.
15:07 of 3rd period - Slapshot by David Pastrnak.
15:07 of 3rd period - Stopped by Tuukka Rask without a rebound.
15:08 of 3rd period - Brian Boyle wins face-off versus Noel Acciari in Penguins zone.
15:24 of 3rd period - Dylan DeMelo is hit by Dmitry Orlov.
15:34 of 3rd period - Roman Polak is hit by Paul Carey and loses puck.
15:59 of 3rd period - Snap shot by John Tavares.
15:59 of 3rd period - Stopped by Tuukka Rask with a rebound.
16:01 of 3rd period - Snap shot by John Tavares.
16:01 of 3rd period - Shot Blocked by Tyler Myers.
16:03 of 3rd period - Snap shot by John Carlson.
16:03 of 3rd period - Shot Misses the Net.
16:37 of 3rd period - Roman Polak is hit by Oliver Bjorkstrand and loses puck.
17:08 of 3rd period - Charlie Coyle is hit by Connor Brown and loses puck.
18:22 of 3rd period - Connor Brown is hit by Michael Grabner and loses puck.
18:31 of 3rd period - Snap shot by Michael Grabner.
18:31 of 3rd period - Stopped by Carter Hart with a rebound.
18:33 of 3rd period - Snap shot by Jesperi Kotkaniemi.
18:33 of 3rd period - Goal by Jesperi Kotkaniemi - Red Wings : 2 - Penguins : 3.
18:34 of 3rd period - John Tavares wins face-off versus Brian Boyle in neutral zone.
19:06 of 3rd period - Red Wings, Carter Hart is pulled from the net.
19:24 of 3rd period - Snap shot by Mark Scheifele.
19:24 of 3rd period - Shot Misses the Net.
19:26 of 3rd period - Snap shot by John Carlson.
19:26 of 3rd period - Stopped by Tuukka Rask without a rebound.
19:27 of 3rd period - Peter Laviolette call a timeout for Red Wings.
19:27 of 3rd period - Brian Boyle wins face-off versus Mark Scheifele in Penguins zone.
19:27 of 3rd period - Brian Boyle is hit by David Pastrnak.
19:47 of 3rd period - Wrist shot by Mark Scheifele.
19:47 of 3rd period - Shot Blocked by Brian Boyle.
19:49 of 3rd period - Slapshot by John Carlson.
19:49 of 3rd period - Stopped by Tuukka Rask without a rebound.
19:50 of 3rd period - Brian Boyle wins face-off versus Mark Scheifele in Penguins zone.
19:50 of 3rd period - Brian Boyle is hit by Lars Eller.
Goals for this period are 0 for Red Wings vs 1 for Penguins.
Shots for this period are 14 for Red Wings vs 15 for Penguins.